General information
- name: BNet
- type: Ladder team game (AT/RT)
- host: Battle.net
- saver: skrt
map: Feralas_LV
- players: 8
- length: 32:45
- speed: Fast
- version: 1.10030 W3XP
- replay type: Public
» download(417 KB)
Players
team 1 (winner)
Andreko (
teal | 85 APM | 2798 actions | 32:44)
7 Death Knight
3 Death Coil
3 Unholy Aura
1 Animate Dead
5 Lich
3 Frost Nova
2 Frost Armor
» actions
| Assign group hotkey | 9 | |
| Basic commands | 178 | |
| Build / train | 88 | |
| ESC pressed | 1 | |
| Enter build submenu | 22 | |
| Enter hero's abilities submenu | 12 | |
| Give item / drop item | 4 | |
| Right click | 1563 | |
| Select / deselect | 681 | |
| Select group hotkey | 89 | |
| Use ability | 151 | |
2798 total
» units
| Acolyte | 7 | |
| Ghoul | 3 | |
| Crypt Fiend | 28 | |
| Obsidian Statue | 10 | |
48 total
» upgrades
| Burrow | 1 | |
| Destroyer Form | 1 | |
| Creature Attack | 2 | |
| Creature Carapace | 1 | |
| Web | 1 | |
6 total
» buildings
| Crypt | 1 | |
| Graveyard | 1 | |
| Altar of Darkness | 1 | |
| Ziggurat | 6 | |
| Tomb of Relics | 1 | |
| Nerubian Tower | 2 | |
| Halls of the Dead | 2 | |
| Slaughterhouse | 1 | |
| Black Citadel | 2 | |
17 total
» build order
00:07 Crypt
00:10 Graveyard
00:42 Altar of Darkness
00:56 Ziggurat
01:26 Ziggurat
01:40 Tomb of Relics
02:15 Nerubian Tower
03:43 Halls of the Dead
03:43 Halls of the Dead
04:35 Ziggurat
05:11 Ziggurat
06:36 Slaughterhouse
07:51 Black Citadel
07:52 Black Citadel
10:11 Ziggurat
16:27 Nerubian Tower
31:57 Ziggurat
» items
| Rod of Necromancy | 4 | |
| Scroll of Town Portal | 3 | |
| Orb of Corruption | 1 | |
| Potion of Lesser Invulnerability | 1 | |
9 total

»
skrt (
green | 160 APM | 5229 actions | 32:45)
7 Death Knight
3 Death Coil
3 Unholy Aura
1 Animate Dead
6 Lich
3 Frost Nova
3 Frost Armor
» actions
| Assign group hotkey | 37 | |
| Basic commands | 451 | |
| Build / train | 87 | |
| ESC pressed | 5 | |
| Enter build submenu | 30 | |
| Enter hero's abilities submenu | 16 | |
| Give item / drop item | 2 | |
| Right click | 2437 | |
| Select / deselect | 872 | |
| Select group hotkey | 1177 | |
| Use ability | 115 | |
5229 total
» units
| Acolyte | 16 | |
| Ghoul | 6 | |
| Crypt Fiend | 15 | |
| Frost Wyrm | 9 | |
46 total
» upgrades
| Cannibalize | 1 | |
| Web | 1 | |
| Creature Attack | 2 | |
| Creature Carapace | 2 | |
6 total
» buildings
| Crypt | 1 | |
| Graveyard | 2 | |
| Altar of Darkness | 1 | |
| Ziggurat | 8 | |
| Tomb of Relics | 2 | |
| Nerubian Tower | 1 | |
| Necropolis | 5 | |
| Halls of the Dead | 2 | |
| Spirit Tower | 2 | |
| Black Citadel | 1 | |
| Sacrificial Pit | 1 | |
| Boneyard | 2 | |
28 total
» build order
00:05 Crypt
00:08 Graveyard
00:41 Altar of Darkness
00:59 Ziggurat
01:26 Tomb of Relics
01:59 Nerubian Tower
02:30 Ziggurat
04:10 Necropolis
04:57 Halls of the Dead
04:58 Halls of the Dead
05:46 Ziggurat
05:47 Ziggurat
06:40 Spirit Tower
07:06 Spirit Tower
07:29 Black Citadel
08:41 Graveyard
08:54 Sacrificial Pit
11:10 Boneyard
11:19 Boneyard
11:39 Ziggurat
11:40 Ziggurat
14:23 Ziggurat
19:19 Tomb of Relics
20:55 Necropolis
24:31 Ziggurat
25:45 Necropolis
25:47 Necropolis
32:28 Necropolis
» items
| Rod of Necromancy | 1 | |
| Potion of Mana | 4 | |
| Scroll of Town Portal | 4 | |
| Orb of Corruption | 1 | |
| Potion of Healing | 1 | |
| Boots of Speed | 1 | |
| Scroll of Healing | 1 | |
13 total
li331 (
orange | 70 APM | 2289 actions | 32:44)
7 Death Knight
3 Death Coil
3 Unholy Aura
1 Animate Dead
6 Lich
3 Frost Nova
2 Frost Armor
1 Death and Decay
» actions
| Assign group hotkey | 36 | |
| Basic commands | 326 | |
| Build / train | 69 | |
| ESC pressed | 1 | |
| Enter build submenu | 22 | |
| Enter hero's abilities submenu | 15 | |
| Give item / drop item | 1 | |
| Right click | 521 | |
| Select / deselect | 259 | |
| Select group hotkey | 916 | |
| Use ability | 123 | |
2289 total
» units
| Acolyte | 7 | |
| Ghoul | 4 | |
| Crypt Fiend | 10 | |
| Obsidian Statue | 1 | |
| Frost Wyrm | 14 | |
36 total
» upgrades
| Web | 1 | |
| Burrow | 1 | |
| Freezing Breath | 1 | |
3 total
» buildings
| Crypt | 1 | |
| Altar of Darkness | 1 | |
| Ziggurat | 8 | |
| Graveyard | 1 | |
| Tomb of Relics | 1 | |
| Necropolis | 1 | |
| Nerubian Tower | 1 | |
| Halls of the Dead | 1 | |
| Spirit Tower | 3 | |
| Black Citadel | 1 | |
| Sacrificial Pit | 1 | |
| Slaughterhouse | 1 | |
| Boneyard | 3 | |
24 total
» build order
00:15 Crypt
00:17 Altar of Darkness
00:36 Ziggurat
01:10 Graveyard
01:30 Tomb of Relics
02:12 Ziggurat
03:21 Ziggurat
03:57 Necropolis
03:58 Ziggurat
04:16 Nerubian Tower
04:39 Halls of the Dead
04:54 Spirit Tower
06:06 Ziggurat
06:50 Ziggurat
07:02 Black Citadel
07:29 Sacrificial Pit
07:32 Slaughterhouse
09:28 Boneyard
09:30 Boneyard
09:31 Boneyard
10:38 Spirit Tower
10:41 Ziggurat
10:45 Ziggurat
11:41 Spirit Tower
» items
| Rod of Necromancy | 1 | |
| Sacrificial Skull | 1 | |
| Orb of Corruption | 2 | |
| Scroll of Healing | 1 | |
| Scroll of Town Portal | 3 | |
| Potion of Lesser Invulnerability | 1 | |
9 total

»
taxationistheft (
red | 82 APM | 2697 actions | 32:44)
7 Dark Ranger
3 Black Arrow
3 Silence
1 Charm
2 Firelord
1 Summon Lava Spawn
1 Soul Burn
» actions
| Assign group hotkey | 148 | |
| Build / train | 76 | |
| Enter build submenu | 15 | |
| Enter hero's abilities submenu | 9 | |
| Remove unit from queue | 5 | |
| Right click | 1090 | |
| Select / deselect | 649 | |
| Select group hotkey | 606 | |
| Use ability | 99 | |
2697 total
» units
| Peon | 10 | |
| Grunt | 5 | |
| Troll Headhunter/Berserker | 13 | |
| Shaman | 4 | |
| Troll Batrider | 6 | |
| Troll Witch Doctor | 2 | |
| Raider | 3 | |
43 total
» upgrades
| Spiked Barricades | 1 | |
| Ranged Weapons | 1 | |
| Troll Regeneration | 1 | |
| Reinforced Defenses | 1 | |
| Shaman Training | 2 | |
| Witch Doctor Training | 2 | |
| Ensnare | 1 | |
9 total
» buildings
| Orc Burrow | 5 | |
| Altar of Storms | 1 | |
| Barracks | 1 | |
| War Mill | 1 | |
| Voodoo Lounge | 2 | |
| Stronghold | 1 | |
| Great Hall | 2 | |
| Fortress | 2 | |
| Spirit Lodge | 2 | |
| Beastiary | 1 | |
18 total
» build order
00:32 Orc Burrow
00:36 Altar of Storms
00:53 Barracks
01:48 Orc Burrow
01:52 War Mill
02:50 Voodoo Lounge
03:49 Stronghold
04:03 Orc Burrow
05:31 Great Hall
05:38 Orc Burrow
09:33 Voodoo Lounge
09:34 Fortress
09:34 Fortress
10:21 Spirit Lodge
10:28 Spirit Lodge
10:44 Great Hall
12:33 Beastiary
19:24 Orc Burrow
» items
| Healing Salve | 2 | |
| Scroll of Town Portal | 2 | |
| Boots of Speed | 1 | |
5 total
team 2 (loser)
lmaonade (
pink | 95 APM | 3030 actions | 32:02)
7 Keeper of the Grove
3 Force of Nature
3 Entangling Roots
1 Tranquility
5 Naga Sea Witch
2 Frost Arrows
2 Forked Lightning
1 Tornado
» actions
| Assign group hotkey | 36 | |
| Basic commands | 215 | |
| Build / train | 111 | |
| ESC pressed | 6 | |
| Enter build submenu | 18 | |
| Enter hero's abilities submenu | 14 | |
| Give item / drop item | 4 | |
| Right click | 1441 | |
| Select / deselect | 786 | |
| Select group hotkey | 256 | |
| Use ability | 143 | |
3030 total
» units
| Wisp | 26 | |
| Archer | 6 | |
| Dryad | 27 | |
| Wind Rider | 2 | |
61 total
» upgrades
| Strength of the Wild | 2 | |
| Abolish Magic | 1 | |
| Reinforced Hides | 1 | |
| Nature's Blessing | 1 | |
5 total
» buildings
| Altar of Elders | 1 | |
| Moon Well | 7 | |
| Ancient of War | 1 | |
| Tree of Ages | 1 | |
| Ancient of Wonders | 1 | |
| Tree of Life | 3 | |
| Hunter's Hall | 1 | |
| Ancient of Lore | 2 | |
| Tree of Eternity | 1 | |
| Ancient of Wind | 1 | |
19 total
» build order
00:10 Altar of Elders
00:18 Moon Well
00:35 Ancient of War
01:31 Moon Well
02:55 Tree of Ages
02:59 Moon Well
03:03 Ancient of Wonders
04:52 Tree of Life
05:29 Hunter's Hall
06:27 Tree of Life
06:35 Ancient of Lore
06:37 Ancient of Lore
07:19 Moon Well
12:08 Moon Well
12:23 Tree of Eternity
15:58 Tree of Life
25:01 Moon Well
25:02 Moon Well
28:29 Ancient of Wind
» items
| Lesser Clarity Potion | 11 | |
| Moonstone | 1 | |
| Scroll of Town Portal | 6 | |
| Staff of Preservation | 2 | |
| Potion of Lesser Invulnerability | 2 | |
| Scroll of Healing | 2 | |
| Dust of Appearance | 2 | |
| Anti-magic Potion | 2 | |
28 total

»
Doomflama (
blue | 122 APM | 4006 actions | 32:44)
4 Mountain King
2 Storm Bolt
2 Bash
6 Paladin
3 Holy Light
2 Divine Shield
1 Resurrection
2 Blood Mage
1 Banish
1 Siphon Mana
1 Firelord
1 Soul Burn
» actions
| Assign group hotkey | 193 | |
| Basic commands | 99 | |
| Build / train | 137 | |
| Enter build submenu | 34 | |
| Enter hero's abilities submenu | 13 | |
| Give item / drop item | 9 | |
| Remove unit from queue | 2 | |
| Right click | 1925 | |
| Select / deselect | 479 | |
| Select group hotkey | 876 | |
| Use ability | 239 | |
4006 total
» units
| Peasant | 22 | |
| Footman | 8 | |
| Knight | 5 | |
| Siege Engine | 5 | |
| Priest | 5 | |
| Dragonhawk Rider | 8 | |
| Troll Batrider | 8 | |
61 total
» upgrades
| Masonry | 3 | |
| Lumber Harvesting | 2 | |
| Plating | 3 | |
| Priest Training | 2 | |
| Gunpowder | 2 | |
| Animal War Training | 1 | |
| Barrage | 1 | |
| Armor | 1 | |
| Cloud | 1 | |
16 total
» buildings
| Farm | 11 | |
| Altar of Kings | 1 | |
| Barracks | 1 | |
| Lumber Mill | 1 | |
| Arcane Vault | 1 | |
| Town Hall | 1 | |
| Scout Tower | 10 | |
| Arcane Tower | 3 | |
| Guard Tower | 6 | |
| Keep | 2 | |
| Blacksmith | 1 | |
| Arcane Sanctum | 1 | |
| Castle | 2 | |
| Workshop | 1 | |
| Gryphon Aviary | 2 | |
44 total
» build order
00:13 Farm
00:36 Altar of Kings
00:52 Barracks
01:01 Farm
01:41 Farm
01:48 Lumber Mill
03:13 Arcane Vault
03:56 Town Hall
04:02 Scout Tower
04:15 Scout Tower
04:33 Arcane Tower
04:33 Arcane Tower
04:37 Scout Tower
05:07 Guard Tower
05:24 Keep
05:24 Keep
05:35 Guard Tower
05:58 Scout Tower
05:59 Scout Tower
06:06 Scout Tower
06:56 Guard Tower
07:00 Blacksmith
07:12 Guard Tower
08:05 Arcane Sanctum
08:17 Scout Tower
08:19 Scout Tower
08:20 Castle
08:20 Castle
08:42 Scout Tower
08:47 Scout Tower
08:52 Arcane Tower
09:10 Farm
09:11 Farm
09:13 Farm
09:13 Farm
09:17 Guard Tower
09:21 Farm
09:22 Farm
09:26 Farm
09:28 Guard Tower
09:41 Workshop
11:40 Farm
12:17 Gryphon Aviary
15:07 Gryphon Aviary
» items
| Lesser Clarity Potion | 10 | |
| Scroll of Regeneration | 6 | |
| Potion of Lesser Invulnerability | 1 | |
| Scroll of Town Portal | 5 | |
| Staff of Sanctuary | 2 | |
| Orb of Fire | 2 | |
| Healing Salve | 1 | |
27 total
IMaphackYourMom (
yellow | 40 APM | 1279 actions | 32:09)
5 Death Knight
3 Death Coil
2 Unholy Aura
3 Lich
2 Frost Nova
1 Frost Armor
» actions
| Assign group hotkey | 24 | |
| Build / train | 74 | |
| Enter build submenu | 20 | |
| Enter hero's abilities submenu | 8 | |
| Give item / drop item | 1 | |
| Remove unit from queue | 1 | |
| Right click | 576 | |
| Select / deselect | 207 | |
| Select group hotkey | 301 | |
| Use ability | 67 | |
1279 total
» units
| Acolyte | 7 | |
| Ghoul | 6 | |
| Crypt Fiend | 5 | |
| Frost Wyrm | 11 | |
| Wind Rider | 3 | |
32 total
» upgrades
| Creature Attack | 3 | |
| Web | 1 | |
| Creature Carapace | 2 | |
| Freezing Breath | 1 | |
| Envenomed Spears | 1 | |
8 total
» buildings
| Ziggurat | 11 | |
| Crypt | 1 | |
| Graveyard | 1 | |
| Tomb of Relics | 1 | |
| Altar of Darkness | 1 | |
| Halls of the Dead | 1 | |
| Necropolis | 1 | |
| Black Citadel | 2 | |
| Sacrificial Pit | 1 | |
| Spirit Tower | 5 | |
| Nerubian Tower | 3 | |
| Boneyard | 3 | |
31 total
» build order
00:06 Ziggurat
00:08 Crypt
00:39 Graveyard
00:58 Tomb of Relics
01:13 Ziggurat
01:38 Altar of Darkness
02:53 Ziggurat
04:32 Halls of the Dead
05:33 Necropolis
06:36 Ziggurat
06:39 Ziggurat
07:20 Black Citadel
07:20 Black Citadel
07:29 Sacrificial Pit
08:17 Spirit Tower
08:31 Nerubian Tower
09:05 Ziggurat
10:12 Boneyard
10:13 Boneyard
11:06 Boneyard
11:11 Spirit Tower
11:13 Ziggurat
11:26 Ziggurat
11:54 Ziggurat
12:20 Spirit Tower
12:22 Spirit Tower
13:07 Spirit Tower
29:10 Nerubian Tower
29:11 Nerubian Tower
29:34 Ziggurat
29:57 Ziggurat
» items
| Sacrificial Skull | 1 | |
| Rod of Necromancy | 1 | |
| Scroll of Town Portal | 7 | |
| Potion of Healing | 1 | |
| Orb of Corruption | 1 | |
| Scroll of Regeneration | 1 | |
12 total
Dharma (
purple | 54 APM | 896 actions | 16:28)
5 Firelord
3 Summon Lava Spawn
2 Soul Burn
3 Shadow Hunter
1 Hex
2 Healing Wave
» actions
| Basic commands | 119 | |
| Build / train | 70 | |
| ESC pressed | 3 | |
| Enter build submenu | 18 | |
| Enter hero's abilities submenu | 8 | |
| Give item / drop item | 2 | |
| Right click | 301 | |
| Select / deselect | 296 | |
| Use ability | 79 | |
896 total
» units
| Peon | 14 | |
| Grunt | 7 | |
| Forest Troll Shadow Priest | 2 | |
| Forest Troll Berserker | 1 | |
| Mud Golem | 1 | |
| Ogre Mauler | 1 | |
| Wind Rider | 9 | |
35 total
» upgrades
| Armor | 1 | |
| Ranged Weapons | 2 | |
| Reinforced Defenses | 1 | |
4 total
» buildings
| Barracks | 1 | |
| Orc Burrow | 9 | |
| Altar of Storms | 1 | |
| Voodoo Lounge | 1 | |
| Great Hall | 1 | |
| Stronghold | 1 | |
| War Mill | 1 | |
| Beastiary | 3 | |
| Fortress | 1 | |
19 total
» build order
00:08 Barracks
00:16 Orc Burrow
00:36 Altar of Storms
01:54 Orc Burrow
02:54 Orc Burrow
03:29 Voodoo Lounge
04:51 Great Hall
05:29 Stronghold
05:31 War Mill
06:42 Orc Burrow
08:50 Beastiary
08:51 Beastiary
08:51 Beastiary
12:13 Orc Burrow
12:16 Orc Burrow
15:08 Orc Burrow
15:09 Fortress
16:04 Orc Burrow
16:07 Orc Burrow
» items
| Healing Salve | 5 | |
| Lesser Clarity Potion | 8 | |
| Scroll of Town Portal | 4 | |
| Scroll of Speed | 2 | |
19 total
Chat log
(00:11 / Allies) taxationistheft: wow
(00:12 / Allies) taxationistheft: 3 ud
(00:23 / All) Dharma: s4s noobs
(00:27 / Allies) Andreko: going fiends stats
(00:33 / Allies) li331: dk fiend
(00:42 / All) lmaonade: what clan should i join
(01:07 / All) li331: s4s if you are doing 4s
(01:17 / All) IMaphackYourMom: bbq
(01:24 / All) lmaonade: s4s has some bad mannered players
(01:33 / All) Dharma: s4s noobs
(01:46 / All) li331: true noob doing 4s
(01:51 / All) lmaonade: one player i encountered was very bad mannered
(01:52 / All) li331: pro solo
(01:59 / All) lmaonade: i told shaman and he banned me from channle
(02:03 / All) IMaphackYourMom: solo is boring
(02:18 / All) taxationistheft: wow
(02:19 / All) taxationistheft: gg
(02:19 / All) Doomflama: agreed. no fun winning every game
(02:31 / All) IMaphackYourMom: s4s you can fuck around
(02:34 / All) IMaphackYourMom: which is fun
(02:43 / All) taxationistheft: like mass morts?
(02:46 / All) IMaphackYourMom: yup
(02:55 / All) taxationistheft: should i mass morts now?
(03:00 / All) IMaphackYourMom: go bro go
(03:15 / All) taxationistheft: i mass morts for you
(03:19 / All) taxationistheft: invis morts
(03:22 / All) IMaphackYourMom: kewl
(03:38 / All) taxationistheft: got mk ready
(13:26 / Allies) taxationistheft: we need to attk
(17:01 / Allies) Andreko: go
(17:52 / Allies) skrt: raiders\
(18:35 / Allies) taxationistheft: coming bro
(19:03 / Allies) skrt: make raiders
(19:12 / Allies) skrt: ensnare his tanks
(22:34 / Allies) skrt: finish HU
(23:41 / Allies) skrt: only threat
(23:47 / Allies) skrt: rest of his team sumb
(23:54 / Allies) Andreko: gold me
(24:07 / Allies) Andreko: GOLD
(24:37 / Allies) skrt: main
(25:56 / Allies) taxationistheft: gonna go charm yellows
(26:25 / Allies) taxationistheft: gold for tp?
(27:31 / Allies) Andreko: go
(27:46 / Allies) taxationistheft: heros
(28:10 / Allies) Andreko: gold plz
(28:56 / Allies) Andreko: GOLD
(29:01 / Allies) taxationistheft: i got non
(29:06 / Allies) Andreko: ty
(29:21 / Allies) Andreko: 500 gold
(29:24 / Allies) Andreko: ii need base
(29:34 / Allies) skrt: b
(29:45 / Allies) skrt: dude
(29:49 / Allies) skrt: why am i even
(29:51 / Allies) skrt: looking at u
(29:59 / Allies) Andreko: 400 gold plz
(30:16 / Allies) skrt: dk
(30:53 / Allies) skrt: dkl
(31:33 / Allies) Andreko: gold
(31:59 / All) IMaphackYourMom: gg u guys have no skill
(32:02 / All) taxationistheft: lol
(32:06 / All) taxationistheft: you lost
(32:10 / All) taxationistheft: to people with no skil
(32:33 / All) taxationistheft: gg though